 Seeded DCSS version 0.30.0-18-gc0e69614cb (webtiles) character file.

Game seed: 5 (custom seed)

996 Kazon the Covert (level 8, 0/52 HPs)
             Began as an Octopode Brigand on May 24, 2023.
             Was a Follower of Makhleb.
             Slain by Duvessa
             ... wielding a +0 short sword
              (3 damage)
             ... on level 6 of the Dungeon.
             The game lasted 00:14:26 (3487 turns).

Kazon the Covert (Octopode Brigand)                 Turns: 3487, Time: 00:14:27

Health: 0/52       AC:  1    Str: 13    XL:     8   Next: 19%
Magic:  0/19       EV: 12    Int: 13    God:    Makhleb [*.....]
Gold:   220        SH: 10    Dex: 19    Spells: 7/7 levels left

rFire   . . .        v - +2 dagger (vamp)
rCold   + . .        c - +1 kite shield "Nous Aho" {rC+ Regen+}
rNeg    . . .        (helmet restricted)
rPois   .            B - amulet of guardian spirit
rElec   .            p - ring of magical power
rCorr   .            x - +6 ring of dexterity
SInv    .            (no ring)
Will    .....        (no ring)
Stlth   +++++        (no ring)
HPRegen 1.08/turn    (no ring)
MPRegen 0.16/turn    (no ring)
                     (no ring)

%: guardian spirit
@: no status effects
A: almost no armour, amphibious, 8 rings, camouflage 1, gelatinous body 1,
(nimble swimmer 1), tentacles
a: Renounce Religion


You were on level 6 of the Dungeon.
You worshipped Makhleb.
Makhleb was aware of your devotion.
You visited 2 branches of the dungeon, and saw 7 of its levels.

You collected 220 gold pieces.

Inventory:

Hand Weapons
 a - a +2 dagger
 f - a +0 hand axe of flaming
 v - a +2 vampiric dagger (weapon)
Missiles
 b - 12 poisoned darts
 d - 2 curare-tipped darts (quivered)
 e - 3 boomerangs
 h - 11 stones
Armour
 c - the +1 kite shield "Nous Aho" (worn) {rC+ Regen+}
   (You acquired it on level 1 of the Dungeon)

   rC:        It protects you from cold.
   Regen:     It increases your rate of health regeneration.
Jewellery
 p - a ring of magical power (left tentacle)
 x - a +6 ring of dexterity (right tentacle)
 B - an amulet of guardian spirit (around mantle)
Wands
 z - a wand of paralysis (8)
Scrolls
 i - a scroll of fog {unknown}
 k - 2 scrolls of identify {unknown}
 l - a scroll of summoning {unknown}
 m - 2 scrolls of magic mapping {unknown}
 n - 2 scrolls of teleportation {unknown}
 o - a scroll of blinking {unknown}
 t - a scroll of amnesia {unknown}
 u - a scroll of torment {unknown}
 D - a scroll of poison {unknown}
Potions
 g - a potion of resistance {unknown}
 j - a potion of magic {unknown}
 q - 3 potions of flight {unknown}
 r - a potion of berserk rage {unknown}
 s - 2 potions of invisibility {unknown}
 w - 2 potions of heal wounds {unknown}
 y - 3 potions of curing {unknown}
 A - a potion of lignification {unknown}
 C - a potion of attraction {unknown}


   Skills:
 + Level 3.2 Fighting
 + Level 4.0 Short Blades
 + Level 3.0 Throwing
 + Level 3.2 Dodging
 + Level 9.0 Stealth
 + Level 2.2 Shields
 * Level 3.4 Invocations
 * Level 1.9 Evocations


You had 7 spell levels left.
You didn't know any spells.
Your spell library contained the following spells:

 Spells                   Type           Power      Damage    Failure   Level
 Frozen Ramparts          Ice            0%         1d1       98%         3
 Ice Form                 Ice/Tmut       0%         N/A       100%        4
 Summon Ice Beast         Ice/Summ       0%         N/A       100%        4


Dungeon Overview and Level Annotations

Branches:
Dungeon (6/15)             Temple (1/1) D:4

Altars:
Dithmenos
Fedhas
Gozag
Hepliaklqana
Makhleb
Qazlal
Wu Jian
The Shining One

Annotations:
D:6 Duvessa


Innate Abilities, Weirdness & Mutations

You cannot wear most types of armour.
You are amphibious.
You can wear up to eight rings at the same time.
Your skin changes colour to match your surroundings (Stealth+).
Your rubbery body absorbs attacks. (AC +1, EV +1)
((You are camouflaged when in or above water. (Stealth+)))
You have tentacles for arms and can constrict up to eight enemies at once.


Message History

Duvessa is lightly wounded.
You constrict Duvessa, but do no damage.
Duvessa hits you with a +0 short sword.
You hit Duvessa. You squeeze Duvessa, but do no damage.
Duvessa is lightly wounded.
You constrict Duvessa, but do no damage.
Duvessa hits you with a +0 short sword! You block Duvessa's attack.
You hit Duvessa.
Duvessa is lightly wounded.
You constrict Duvessa. You block Duvessa's attack.
You hit Duvessa but do no damage.
Duvessa is lightly wounded.
You constrict Duvessa. Duvessa closely misses you.
Duvessa hits you with a +0 short sword!
You hit Duvessa. You squeeze Duvessa, but do no damage.
Duvessa is lightly wounded.
You constrict Duvessa. You block Duvessa's attack.
You hit Duvessa.
Duvessa is moderately wounded.
You constrict Duvessa. You block Duvessa's attack. Duvessa misses you.
You hit Duvessa but do no damage.
Duvessa is moderately wounded.
You constrict Duvessa. Duvessa misses you.
You hit Duvessa but do no damage. You squeeze Duvessa!
Duvessa is heavily wounded.
You constrict Duvessa. Duvessa hits you with a +0 short sword.
Duvessa hits you with a +0 short sword!
You hit Duvessa. You squeeze Duvessa, but do no damage.
Duvessa is heavily wounded.
You constrict Duvessa. You block Duvessa's attack.
You hit Duvessa but do no damage. You squeeze Duvessa.
Duvessa is severely wounded.
You constrict Duvessa. Duvessa hits you with a +0 short sword!
* * * LOW HITPOINT WARNING * * *
Duvessa hits you with a +0 short sword!!
* * * LOW HITPOINT WARNING * * *
You hit Duvessa but do no damage.
Duvessa is severely wounded.
You constrict Duvessa. Duvessa hits you with a +0 short sword.
You die...

#### #.# #..<#
#...###.###.###
#..[......# #
#.....#####
##.##....#
.........#
.........#
........##
.......@#
##+#..)e#
#....# #....#
#...(# ######


You could see Duvessa (berserk).

Vanquished Creatures
  Sigmund (D:4)
  2 black bears (D:4)
  An ogre (D:5)
  A scorpion (D:4)
  Dowan (D:6)
  4 hounds (D:5)
  A jelly (D:5)
  4 iguanas
  4 gnolls (D:5)
  9 adders
  An ufetubus (D:4)
  3 worms
  7 orcs
  4 bats
  9 endoplasms
  A giant cockroach (D:1)
  12 goblins
  7 hobgoblins
  11 jackals
  3 kobolds
  3 quokkas (D:4)
  6 ball pythons
  3 frilled lizards
  4 rats
102 creatures vanquished.

Notes
Turn   | Place    | Note
-------+----------+-------------------------------------------
     0 | D:1      | Kazon the Octopode Brigand began the quest for the Orb.
     0 | D:1      | Reached XP level 1. HP: 14/14 MP: 1/1
   103 | D:1      | Reached XP level 2. HP: 13/19 MP: 2/2
   118 | D:1      | Identified a scroll of acquirement
   118 | D:1      | Acquired the +1 kite shield "Nous Aho" {rC+ Regen+}
   574 | D:1      | Reached skill level 6 in Stealth
   589 | D:1      | Reached XP level 3. HP: 24/24 MP: 3/3
  1144 | D:2      | Reached XP level 4. HP: 29/29 MP: 4/4
  1534 | D:3      | Found a blossoming altar of Fedhas.
  1631 | D:3      | Reached skill level 1 in Shields
  1631 | D:3      | Reached XP level 5. HP: 35/35 MP: 5/5
  1666 | D:3      | Found a stormy altar of Qazlal.
  1733 | D:3      | Found a faded altar of an unknown god.
  1927 | D:3      | Identified the +2 sling "Qeuhanocyt" {speed, rElec Str-3
                  | Dex+2}
  2050 | D:4      | Found a staircase to the Ecumenical Temple.
  2058 | Temple   | Entered the Ecumenical Temple
  2074 | Temple   | Became a worshipper of Makhleb the Destroyer
  2385 | D:4      | Reached skill level 7 in Stealth
  2385 | D:4      | Reached skill level 1 in Invocations
  2426 | D:4      | Noticed Sigmund
  2442 | D:4      | Killed Sigmund
  2443 | D:4      | Reached XP level 6. HP: 41/41 MP: 7/7
  2464 | D:4      | Noticed a black bear
  2478 | D:4      | Killed a black bear
  2479 | D:4      | Reached XP level 7. HP: 45/45 MP: 8/8
  2532 | D:4      | Reached skill level 8 in Stealth
  2792 | D:4      | Found a hazy altar of Hepliaklqana.
  2793 | D:4      | Found a shadowy altar of Dithmenos.
  2793 | D:4      | Noticed a shadow
  2889 | D:5      | Entered Level 5 of the Dungeon
  2941 | D:5      | Reached skill level 1 in Evocations
  2973 | D:5      | Reached * piety under Makhleb
  3072 | D:5      | Reached XP level 8. HP: 35/52 MP: 10/10
  3364 | D:6      | Noticed Dowan
  3470 | D:6      | Noticed Duvessa
  3475 | D:6      | Killed Dowan
  3476 | D:6      | Reached skill level 9 in Stealth
  3486 | D:6      | HP: 1/52 [Duvessa/+0 short sword (13)]
  3487 | D:6      | Slain by Duvessa

Illustrated notes

Levels and vault maps discovered:
D:1:      ebering_trefoil_3fold, layout_basic, st_stairs_14, serial_bayou_ford_a
D:2:      layout_basic, hangedman_decor_growths, minmay_close_crescents
D:3:      layout_rooms, mainiacjoe_overflow_concentric_impassable,
          mainiacjoe_overflow_paths, shapermc_ecumenical_altar_acropolis,
          chequers_serial_rivers_micro_b
D:4:      layout_basic, riverfiend_overflow_shadow_ancestor,
          minmay_temple_entry_glass, uniq_sigmund
D:5:      layout_gridville
D:6:      layout_basic, xom_teletrap_fun, uniq_duvessa
Temple:   nicolae_temple_elliptical

Skill      XL: |  1  2  3  4  5  6  7  8 |
---------------+-------------------------+-----
Stealth        | 6 7 8 9 |  9.0
Short Blades   | 3 4 |  4.0
Shields        | 1 2 |  2.2
Invocations    | 1 2 3 |  3.4
Dodging        | 2 3 |  3.2
Fighting       | 3 |  3.2
Evocations     | 1 |  1.9
Throwing       | 3 |  3.0

Action                     |  1- 3 |  4- 6 |  7- 9 || total
---------------------------+-------+-------+-------++-------
  Melee: Dagger            |    76 |    81 |    76 ||   233
         Constrict         |    13 |    18 |    20 ||    51
         Tentacles         |     9 |    20 |    26 ||    55
  Throw: Dart              |     2 |       |    12 ||    14
         Stone             |     1 |    13 |     6 ||    20
    Use: Scroll            |     2 |       |       ||     2
   Stab: Sleeping          |    13 |     9 |     6 ||    28
         Distracted        |     1 |     1 |       ||     2
 Armour: Skin              |     4 |     7 |       ||    11
  Dodge: Dodged            |    19 |    36 |    33 ||    88
  Block: Kite shield       |    19 |    28 |    28 ||    75
